 Dungeon Crawl Stone Soup version 0.26.1-12-g5ba1501909 (webtiles) character file.

Game seed: 12199852835841481640

2580 Zeld the Covert (level 9, -2/60 HPs)
             Began as an Octopode Brigand on Oct 23, 2021.
             Was a Believer of Fedhas.
             Killed from afar by a white imp (11 damage)
             ... with a puff of frost
             ... on level 7 of the Dungeon.
             The game lasted 00:09:26 (10130 turns).

Zeld the Covert (Octopode Brigand)                 Turns: 10130, Time: 00:09:27

Health: -2/60      AC:  1    Str: 10    XL:     9   Next: 58%
Magic:  10/10      EV: 16    Int: 14    God:    Fedhas [**....]
Gold:   246        SH:  0    Dex: 16    Spells: 8/8 levels left

rFire    . . .     SeeInvis .   a - +0 short sword (venom)
rCold    . . .     Faith    .   (no shield)
rNeg     . . .     Spirit   .   (helmet restricted)
rPois    .         Reflect  .   (no amulet)
rElec    .         Harm     .   (no ring)
rCorr    .         Rampage  .   (no ring)
Will     .....                  (no ring)
Stlth    ++++++....             (no ring)
HPRegen  0.20/turn              (no ring)
MPRegen  0.12/turn              (no ring)
                                (no ring)
                                (no ring)

@: no status effects
A: almost no armour, stealthy swim, amphibious, 8 rings, constrict 8, camouflage
1, gelatinous body 1
a: Renounce Religion, Wall of Briars


You were on level 7 of the Dungeon.
You worshipped Fedhas.
Fedhas was pleased with you.
You visited 2 branches of the dungeon, and saw 8 of its levels.

You collected 307 gold pieces.
You spent 61 gold pieces at shops.

Inventory:

Hand Weapons
 a - a +0 short sword of venom (weapon)
Missiles
 b - 32 poisoned darts (quivered)
Jewellery
 u - an uncursed ring of stealth {unknown}
 x - an uncursed ring of wizardry {unknown}
Wands
 g - a wand of flame (16)
Scrolls
 d - 3 scrolls of teleportation
 j - a scroll of fear
 k - a scroll of blinking {unknown}
 n - 6 scrolls of remove curse {unknown}
 o - 2 scrolls of random uselessness {unknown}
 p - 2 scrolls of fog {unknown}
 q - a scroll of amnesia {unknown}
 s - 2 scrolls of enchant weapon {unknown}
Potions
 e - a potion of heal wounds {unknown}
 f - 2 potions of magic {unknown}
 h - a potion of brilliance {unknown}
 i - 4 potions of curing
 l - a potion of mutation {unknown}
 m - 2 potions of flight {unknown}
 r - 2 potions of lignification {unknown}
 t - a potion of ambrosia {unknown}
 v - a potion of attraction {unknown}
 w - a potion of degeneration {unknown}


   Skills:
 + Level 4.8 Fighting
 * Level 6.6 Short Blades
 - Level 6.0 Throwing
 + Level 4.4 Dodging
 * Level 10.5 Stealth
 * Level 2.5 Invocations


You had 8 spell levels left.
You didn't know any spells.
Your spell library was empty.

Dungeon Overview and Level Annotations

Branches:
Dungeon (7/15)             Temple (1/1) D:4

Altars:
Ashenzari
Cheibriados
Dithmenos
Elyvilon
Fedhas
Gozag
Hepliaklqana
Kikubaaqudgha
Makhleb
Nemelex Xobeh
Okawaru
Qazlal
Sif Muna
Trog
Uskayaw
Vehumet
Wu Jian
Yredelemnul
Zin
The Shining One

Shops:
D:4 *

Annotations:
D:5 2 transporters


Innate Abilities, Weirdness & Mutations

You cannot wear most types of armour.
You are very stealthy in the water. (Stealth+)
You are amphibious.
You can wear up to eight rings at the same time.
You can use your tentacles to constrict eight enemies at once.
Your skin changes colour to match your surroundings (Stealth+).
Your rubbery body absorbs attacks. (AC +1, EV +1)


Message History

Dowan is poisoned.
Dowan convulses.
Dowan seems to slow down.
Dowan is moderately wounded.
Unknown command.
Dowan points at you and mumbles some strange words.
The stone arrow misses you.
Dowan mumbles some strange words.
Dowan blinks!
Dowan mumbles some strange words.
Dowan blinks!
Dowan is no longer moving slowly.
Dowan casts a spell.
Dowan blinks!
Fedhas accepts your kill.
You feel a bit more experienced.
A white imp comes into view.
The white imp shouts!
You hear a shout!
The white imp gestures at you. The puff of frost hits you!
You die...
Fedhas appreciates your contribution to the ecosystem.

##### ##...##
##.###.###### ## ### #..#
#.##...# .. ##.##
#..###......#.###
##.#.#####....c....5......
#.#..Z...@5.#.#.#####(#.##
##>..#####..#.#.# .# ##.##
#......# .# #Z# #..#.#.#
.# #
#.######..#.#†#####.#.##
#...Z.##..†............#
#####.###.#..<†.........
#§# #.######.####... #Z#
#.#......#


You could see a centaur, a white imp and a howler monkey skeleton.

Vanquished Creatures
  Pikel (D:4)
  Sigmund (D:2)
  An orc warrior (D:4)
  A water moccasin (D:5)
  Duvessa (D:7)
  A sky beast (D:4)
  2 ogres
  A phantom (D:4)
  A necrophage (D:5)
  A lemure (D:4)
  A centaur (D:4)
  Blork the orc (D:4)
  Dowan (D:7)
  A scorpion (D:4)
  5 howler monkeys
  A bullfrog zombie (D:5)
  Crazy Yiuf (D:6)
  5 hounds
  An orc priest (D:4)
  A bullfrog skeleton (D:5)
  2 orc wizards (D:4)
  4 worker ants
  Robin (D:2)
  A gnoll (D:1)
  16 adders
  A shadow imp (D:5)
  A white imp (D:5)
  2 ufetubi (D:6)
  2 oozes
  2 adder zombies
  4 adder skeletons
  3 worms
  2 dart slugs (D:2)
  3 leopard geckos
  11 orcs
  8 bats
  A bat skeleton (D:2)
  A bat zombie (D:2)
  8 giant cockroaches
  16 goblins
  13 hobgoblins
  9 jackals
  8 kobolds
  5 quokkas
  3 ball pythons
  4 frilled lizards
  A leopard gecko skeleton (D:4)
  A leopard gecko zombie (D:2)
  A quokka skeleton (D:4)
  7 rats
170 creatures vanquished.

Vanquished Creatures (others)
  3 withered plants (D:2)
3 creatures vanquished.

Grand Total: 173 creatures vanquished

Notes
Turn   | Place    | Note
-------+----------+-------------------------------------------
     0 | D:1      | Zeld the Octopode Brigand began the quest for the Orb.
     0 | D:1      | Reached XP level 1. HP: 14/14 MP: 1/1
   126 | D:1      | Reached XP level 2. HP: 19/19 MP: 2/2
   203 | D:1      | Reached XP level 3. HP: 14/24 MP: 3/3
  1253 | D:2      | Noticed Robin
  1278 | D:2      | Reached skill level 6 in Stealth
  1278 | D:2      | Reached XP level 4. HP: 16/29 MP: 4/4
  1284 | D:2      | Killed Robin
  1631 | D:2      | Found a stormy altar of Qazlal.
  2156 | D:2      | Found an opulent altar of Gozag.
  2460 | D:2      | Noticed Sigmund
  2463 | D:2      | Killed Sigmund
  2464 | D:2      | Reached skill level 7 in Stealth
  2464 | D:2      | Reached XP level 5. HP: 35/35 MP: 5/5
  2464 | D:2      | Reached XP level 6. HP: 41/41 MP: 6/6
  4639 | D:4      | Reached XP level 7. HP: 33/46 MP: 7/7
  4855 | D:4      | Noticed Blork the orc
  5190 | D:4      | Found a staircase to the Ecumenical Temple.
  5231 | Temple   | Entered the Ecumenical Temple
  5341 | Temple   | Became a worshipper of Fedhas Madash
  5535 | D:4      | Reached skill level 8 in Stealth
  5803 | D:4      | Noticed Pikel
  5823 | D:4      | Killed Pikel
  5824 | D:4      | Reached skill level 5 in Short Blades
  5824 | D:4      | Reached skill level 5 in Throwing
  5824 | D:4      | Reached skill level 9 in Stealth
  5824 | D:4      | Reached XP level 8. HP: 20/54 MP: 8/8
  6290 | D:4      | Killed Blork the orc
  6484 | D:4      | Found Jular's General Store.
  6489 | D:4      | Bought a scroll of identify for 28 gold pieces
  6489 | D:4      | Bought 6 poisoned darts for 33 gold pieces
  6648 | D:5      | Entered Level 5 of the Dungeon
  7247 | D:5      | Reached XP level 9. HP: 49/58 MP: 9/9
  7467 | D:5      | Found a transporter.
  7472 | D:5      | Found a transporter.
  7584 | D:5      | Reached * piety under Fedhas
  7602 | D:5      | Reached skill level 10 in Stealth
  7648 | D:5      | HP: 1/59 [something (6)]
  8309 | D:5      | Reached skill level 1 in Invocations
  9090 | D:6      | Found a runed translucent door.
  9090 | D:6      | Noticed Crazy Yiuf
  9262 | D:6      | Killed Crazy Yiuf
  9532 | D:7      | Noticed Dowan
  9533 | D:7      | Noticed Duvessa
  9630 | D:7      | Killed Duvessa
 10076 | D:7      | Reached ** piety under Fedhas
 10090 | D:7      | HP: 3/60 [Dowan/shard of ice (13)]
 10103 | D:7      | HP: 3/60 [Dowan/+0 dagger (2)]
 10123 | D:7      | Killed Dowan
 10130 | D:7      | Killed from afar by a white imp

Illustrated notes

Levels and vault maps discovered:
D:1:      lightli_arrival_chessboard, layout_basic, minmay_misc_feat_roman
D:2:      layout_loops_ring, marbit_many_paths, overflow_temple_1_default,
          serial_undead, serial_undead_e, serial_undead_b, serial_undead_c,
          serial_undead_d, uniq_robin, uniq_sigmund
D:3:      layout_loops_ring, hex_tiny, grunt_ministairs_10,
          minmay_increasing_density
D:4:      layout_basic, temple_pool_b, serial_shops, nicolae_shop_stone,
          uniq_blork_the_orc, uniq_pikel
D:5:      gammafunk_steamed_eel, layout_cave_pools, serial_park,
          serial_park_avenue1, serial_park_tiny_1, serial_park_tiny_2,
          serial_park_gazebo [serial_park_minivault_5x5_7], roderic_lattice_a
D:6:      layout_basic, grunt_tough_drop, uniq_crazy_yiuf_cottage
D:7:      layout_loops_ring, uniq_harold, uniq_duvessa
Temple:   hc_temple_tempest_star

Skill      XL: |  1  2  3  4  5  6  7  8  9 |
---------------+----------------------------+-----
Stealth        | 6 7 9 10 | 10.5
Short Blades   | 3 4 5 6 |  6.6
Throwing       | 3 5 6 |  6.0
Dodging        | 2 3 4 |  4.4
Fighting       | 3 4 |  4.8
Invocations    | 2 |  2.5

Action                   |  1- 3 |  4- 6 |  7- 9 || total
-------------------------+-------+-------+-------++-------
Melee: Dagger            |    18 |       |       ||    18
       Constrict         |    21 |    29 |    42 ||    92
       Tentacles         |     8 |    27 |    47 ||    82
       Short sword       |    42 |   116 |   225 ||   383
Throw: Dart              |       |       |     2 ||     2
  Use: Scroll            |       |       |     3 ||     3
 Stab: Sleeping          |     7 |    22 |    15 ||    44
       Distracted        |       |     2 |       ||     2
Armor: Skin              |     9 |     6 |    14 ||    29
Dodge: Dodged            |    39 |    73 |   145 ||   257
